 Dungeon Crawl Stone Soup version 0.30.1-11-g7821555f0a (webtiles) character file.

Game seed: 13704277212858566017

38 leafyfresh the Sneak (level 3, 0/30 HPs)
             Began as a Barachi Delver on Nov 17, 2023.
             Was an Initiate of Cheibriados.
             Succumbed to Edmund's poison
             ... on level 4 of the Dungeon.
             The game lasted 00:02:41 (555 turns).

leafyfresh the Sneak (Barachi Delver)                Turns: 555, Time: 00:02:42

Health: 0/30       AC:  3    Str: 14    XL:     3   Next: 43%
Magic:  3/3        EV: 13    Int: 11    God:    Cheibriados [......]
Gold:   7          SH:  0    Dex: 16    Spells: 2/2 levels left

rFire   . . .        a - +0 falchion
rCold   . . .        (no shield)
rNeg    . . .        b - +0 leather armour
rPois   .            (no helmet)
rElec   .            (no cloak)
rCorr   .            (no gloves)
SInv    .            (no boots)
Will    .....        h - amulet of regeneration
Stlth   +++          (no ring)
HPRegen 1.05/turn    (no ring)
MPRegen 0.08/turn

%: no passive effects
@: lethally poisoned (0 -> -4), unable to hop, very slow
A: amphibious, slowness 1, strong legs 1, +LOS
a: Hop, Renounce Religion


You were on level 4 of the Dungeon.
You worshipped Cheibriados.
Cheibriados was noncommittal.
You visited 2 branches of the dungeon, and saw 3 of its levels.

You collected 7 gold pieces.

Inventory:

Hand Weapons
 a - a +0 falchion (weapon)
 i - a +0 sling
 j - a +2 dagger of speed
Armour
 b - a +0 leather armour (worn)
Jewellery
 h - an amulet of regeneration (around neck)
Wands
 g - a wand of digging (3)
Scrolls
 c - a scroll of fog
 d - a scroll of magic mapping
 e - a scroll of fear
 k - a scroll of identify (quivered) {unknown}
Potions
 f - a potion of haste


   Skills:
 + Level 4.2 Fighting
 - Level 2.4 Long Blades
 * Level 3.6 Dodging
 - Level 4.5 Stealth


You had 2 spell levels left.
You didn't know any spells.
Your spell library was empty.

Dungeon Overview and Level Annotations

Branches:
Dungeon (5/15)             Temple (1/1) D:4

Altars:
Ashenzari
Cheibriados
Dithmenos
Elyvilon
Fedhas
Gozag
Hepliaklqana
Makhleb
Nemelex Xobeh
Qazlal
Ru
Sif Muna
Trog
Uskayaw
Vehumet
Wu Jian
Yredelemnul
Zin

Annotations:
D:4 Edmund


Innate Abilities, Weirdness & Mutations

You are amphibious.
You cover ground slowly.
You can hop short distances.
You have an extended range of vision and can be seen from far away.


Message History

Cheibriados begins to support your attributes as your movement slows.
Cheibriados warns you to remove your +2 dagger of speed.
Cheibriados is now slowing the effects of poison on you.
Unknown command.
Press < or > to pray at altars.
a - a +0 falchion (weapon)
There is an open door here.
There is an open door here.
There is a staircase back to the Dungeon here.
You climb upwards.
Level annotation: Edmund
There is a staircase to the Ecumenical Temple here.
You enter the shallow water.
The orc barely misses you.
You open the door. The orc hits you with a +0 club.
Found 12 gold pieces.
There is an open door here.
The orc misses you. The orc attacks as you move away!
The orc hits you with a +0 club. x2
Edmund attacks as you move away!
Edmund hits you with a +3 flail of venom.
You are poisoned.
You feel very sick. The orc hits you with a +0 club.
You feel sick. Edmund attacks as you move away!
Edmund hits you with a +3 flail of venom!
* * * LOW HITPOINT WARNING * * *
You are lethally poisoned!
* * * LOW HITPOINT WARNING * * *
You feel very sick.
Hop to where?
Press: ? - help, Dir - move target Floosh!
You fall into the shallow water.
Boing!
* * * LOW HITPOINT WARNING * * *
You feel very sick.
Unknown command.
Unknown command.
Unknown command.
You die...

..........# #K#
..........# #.#
..........######.#####
...........o.°........
####+#'###.#o.#.......
#.###..~@§..#######
#.....~§§§~........
#####~~§§§§§########
##§§§>~§@........
###.§~§)§~~.#######
#.....~§§§~..#
#.#....§~~...#####.. #
#>..........<.....
#...........#.....
#.#######...# .... #.#
#...# #.# #...#


You could see Edmund, 2 orcs and a kobold (asleep).

Vanquished Creatures
  An orc wizard (Temple)
  5 orcs (D:4)
  A giant cockroach (Temple)
  A hobgoblin (D:4)
  A goblin (D:4)
9 creatures vanquished.

Notes
Turn   | Place    | Note
-------+----------+-------------------------------------------
     0 | D:5      | leafyfresh the Barachi Delver began the quest for the Orb.
     0 | D:5      | Reached XP level 1. HP: 18/18 MP: 1/1
    14 | D:5      | Noticed an ogre
   120 | D:4      | Reached XP level 2. HP: 25/25 MP: 2/2
   144 | D:4      | Found a staircase to the Ecumenical Temple.
   148 | D:4      | Noticed Edmund
   158 | Temple   | Entered the Ecumenical Temple
   195 | Temple   | Reached XP level 3. HP: 11/30 MP: 3/3
   502 | Temple   | Became a worshipper of Cheibriados the Contemplative
   555 | D:4      | Succumbed to Edmund's poison

Illustrated notes

Levels and vault maps discovered:
D:4:      layout_basic, minmay_temple_entry_mist, uniq_menkaure, uniq_edmund
D:5:      layout_basic, minmay_misc_feat_five, nicolae_goblin_pals,
          uniq_blork_the_orc, uniq_grinder, uniq_crazy_yiuf_cottage, uniq_ijyb
Temple:   dpeg_five_rooms_temple

Skill      XL: |  1  2 |
---------------+-------+-----
Dodging        | 3 |  3.6
Fighting       | 4 |  4.2
Long Blades    | |  2.4
Stealth        | |  4.5

Action                     || total
---------------------------++-------
  Melee: Dagger            ||    35
         Falchion          ||     4
   Fire: Sling             ||    16
Ability: Hop               ||     2
 Armour: Leather armour    ||    10
  Dodge: Dodged            ||    25
